 Dungeon Crawl Stone Soup version 0.30.1-11-g7821555f0a (webtiles) character file.

Game seed: 18311308491982460889

185880 Peloso the Peltast (level 17, -4/166 HPs)
             Began as a Minotaur Fighter on Nov 14, 2023.
             Was a High Priest of Okawaru.
             Killed from afar by a purple draconian (33 damage)
             ... with a bolt of dispelling energy
             ... in a wizard's laboratory on Nov 15, 2023.
             The game lasted 01:32:51 (39319 turns).

Peloso the Peltast (Minotaur Fighter)              Turns: 39319, Time: 01:32:52

Health: -4/166     AC: 37    Str: 27    XL:     17   Next: 82%
Magic:  18/18      EV: 14    Int:  7    God:    Okawaru [*****.]
Gold:   1528       SH: 20    Dex: 20    Spells: 16/16 levels left

rFire   + + .        c - +1 double sword of the Gloaming {protect, rElec Will+ rCorr}
rCold   + . .        d - +2 kite shield {rC+ rF+}
rNeg    . . .        q - +1 plate armour {rPois}
rPois   +            L - +1 hat of Melancholy {Will++ Str+3}
rElec   +            (no cloak)
rCorr   +            w - +0 pair of fencer's gloves {Riposte Dex+3}
SInv    .            m - +0 pair of boots "Zazacw" {Will+ Int+2}
Will    +++++        y - amulet of Zin's Anger {Faith +Blink Str+2} Stlth
                     D - ring of protection from fire
HPRegen 0.47/turn    J - ring "Esicridgh" {rElec rPois rCorr AC+4}
MPRegen 0.16/turn

%: faith
@: heroic, under a protective aura
A: horns 2, retaliatory headbutt, subdued magic 1
a: Renounce Religion, Evoke Blink, Heroism, Finesse, Duel


You were in a wizard's laboratory.
You worshipped Okawaru.
Okawaru was extremely pleased with you.
You visited 6 branches of the dungeon, and saw 28 of its levels.
You also visited: Gauntlet, Volcano and Wizlab.

You collected 3717 gold pieces.
You spent 2189 gold pieces at shops.

Inventory:

Hand Weapons
 a - a +1 demon blade of venom
 b - a +2 scimitar of flaming
 c - the +1 double sword of the Gloaming (weapon) {protect, rElec Will+ rCorr}
   (Okawaru gifted it to you on level 4 of the Lair of Beasts)

   rElec:     It insulates you from electricity.
   rCorr:     It protects you from acid and corrosion.
   Will:      It increases your willpower.
Armour
 d - a +2 kite shield of resistance (worn)
 m - the +0 pair of boots "Zazacw" (worn) {Will+ Int+2}
   (You found it in a Gauntlet)

   Int:       It affects your intelligence (+2).
   Will:      It increases your willpower.
 q - a +1 plate armour of poison resistance (worn)
 r - a +2 pair of gloves of dexterity
 w - the +0 pair of fencer's gloves (worn) {Riposte Dex+3}
   (Okawaru gifted it to you on level 1 of the Lair of Beasts)

   Riposte:   It allows the wearer to riposte with melee weapons, swiftly
   retaliating against missed or blocked melee attacks.
   Dex:       It affects your dexterity (+3).
 L - the +1 hat of Melancholy (worn) {Will++ Str+3}
   (Okawaru gifted it to you on level 13 of the Dungeon)

   Str:       It affects your strength (+3).
   Will:      It greatly increases your willpower.
Jewellery
 h - an amulet of faith
 k - a ring of wizardry
 s - an amulet of regeneration
 y - the amulet of Zin's Anger (around neck) {Faith +Blink Str+2}
   (You found it on level 8 of the Dungeon)

   [amulet of faith]

   It allows you to gain divine favour quickly.
   Str:       It affects your strength (+2).
   +Blink:    It lets you blink.
 z - a ring of see invisible
 D - a ring of protection from fire (left hand)
 G - a ring of willpower
 J - the ring "Esicridgh" (right hand) {rElec rPois rCorr AC+4}
   (You found it on level 9 of the Dungeon)

   [ring of protection]

   AC:        It affects your AC (+4).
   rElec:     It insulates you from electricity.
   rPois:     It protects you from poison.
   rCorr:     It protects you from acid and corrosion.
 N - an amulet of reflection
Wands
 l - a wand of flame (6)
 x - a wand of quicksilver (10)
 C - a wand of iceblast (6)
Scrolls
 e - 19 scrolls of teleportation
 p - 2 scrolls of magic mapping
 t - 3 scrolls of enchant weapon
 u - 2 scrolls of amnesia
 B - 2 scrolls of fear
 E - 3 scrolls of poison
 H - 3 scrolls of immolation
 M - 4 scrolls of blinking
 O - a scroll of acquirement
Potions
 f - a potion of mutation
 g - 3 potions of flight
 i - 3 potions of magic
 j - 2 potions of brilliance
 n - 3 potions of berserk rage
 o - 5 potions of haste
 v - 2 potions of heal wounds
 A - a potion of ambrosia
 F - 8 potions of curing
 R - 2 potions of invisibility
 S - a potion of resistance


   Skills:
 + Level 18.9(23.9) Fighting
 + Level 20.4(25.4) Long Blades
 + Level 1.2(6.2) Maces & Flails
 + Level 17.5(22.5) Armour
 + Level 4.5(9.5) Dodging
 + Level 2.2(7.2) Stealth
 + Level 20.5(25.5) Shields
 + Level 3.3 Invocations
 + Level 2.1 Evocations


You had 16 spell levels left.
You didn't know any spells.
Your spell library contained the following spells:

 Spells                   Type           Power      Damage    Failure   Level
 Apportation              Tloc           0%         N/A       87%         1
 Magic Dart               Conj           0%         1d3       87%         1
 Necrotise                Necr           0%         1d4       87%         1
 Scorch                   Fire           0%         2d5       95%         2
 Inner Flame              Hex/Fire       0%         N/A       99%         3
 Mephitic Cloud           Conj/Pois/Air  0%         N/A       99%         3
 Volatile Blastmotes      Fire/Tloc      0%         2d10      99%         3
 Fulminant Prism          Conj/Hex       0%         3d5       100%        4
 Iskenderun's Mystic Bla  Conj/Tloc      0%         2d3       100%        4
 Petrify                  Tmut/Erth      0%         N/A       100%        4
 Iskenderun's Battlesphe  Conj           0%         2d6       100%        5
 Lee's Rapid Deconstruct  Erth           0%         3d4*      100%        5
 Yara's Violent Unravell  Hex/Tmut       0%         3d3       100%        5
 Iron Shot                Conj/Erth      0%         9d1       100%        6
 Statue Form              Tmut/Erth      0%         N/A       100%        6
 Enfeeble                 Hex            0%         N/A       100%        7
 Summon Small Mammal      Summ           Unusable   N/A       N/A         1
 Call Imp                 Summ           Unusable   N/A       N/A         2
 Spellforged Servitor     Conj/Summ      Unusable   N/A       N/A         7

Dungeon Overview and Level Annotations

Branches:
Dungeon (15/15)            Temple (1/1) D:5            Lair (5/5) D:8
  Swamp (0/4) Lair:2        Snake (2/4) Lair:2        Slime (0/5) Lair:5
    Orc (2/2) D:9             Elf (3/3) Orc:2        Depths (0/4) D:15
Volcano (visited)          WizLab (1/1)             Gauntlet (visited)
 Vaults: D:13-14

Altars:
Ashenzari
Cheibriados
Dithmenos
Elyvilon
Fedhas
Hepliaklqana
Kikubaaqudgha
Makhleb
Nemelex Xobeh
Okawaru
Qazlal
Ru
Sif Muna
Trog
Vehumet
Wu Jian
Yredelemnul
Zin

Shops:
D:1 *   D:9 (   D:10 *   Orc:2 *([[   Elf:1 *

Portals:
Abyss: Lair:1

Annotations:
Lair:2 Casa
Elf:2 3 runed translucent doors WizLab exclusion: statue


Innate Abilities, Weirdness & Mutations

You have a pair of horns on your head.
You reflexively headbutt those who attack you in melee.
Your spells are a little easier to cast, but a little less powerful.


Message History

The purple draconian stormcaller is moderately wounded.
You slice the purple draconian stormcaller!!
The purple draconian stormcaller is severely wounded.
You block the purple draconian stormcaller's attack.
You riposte.
You slash the purple draconian stormcaller!
The purple draconian stormcaller is severely wounded.
You hit the purple draconian stormcaller but do no damage.
You headbutt the purple draconian stormcaller!
The purple draconian stormcaller is almost dead.
You block the purple draconian stormcaller's attack.
You riposte.
You completely miss the purple draconian stormcaller.
The purple draconian stormcaller is almost dead.
You closely miss the purple draconian stormcaller.
You headbutt the purple draconian stormcaller, but do no damage.
The purple draconian stormcaller is almost dead.
You closely miss the purple draconian stormcaller.
You headbutt the purple draconian stormcaller!
You kill the purple draconian stormcaller!
Okawaru accepts your kill.
You hit the purple draconian.
You headbutt the purple draconian, but do no damage.
The purple draconian is lightly wounded.
The purple draconian breathes dispelling energy at you.
The bolt of dispelling energy hits you!!
* * * LOW HITPOINT WARNING * * *
You hit the purple draconian but do no damage.
The purple draconian is lightly wounded.
The purple draconian hits you but does no damage.
You slice the purple draconian!!
The purple draconian is moderately wounded.
You slice the purple draconian!!
The purple draconian is heavily wounded.
You block the purple draconian's attack.
You closely miss the purple draconian. You headbutt the purple draconian.
The purple draconian is heavily wounded.
The purple draconian breathes dispelling energy at you.
The bolt of dispelling energy hits you!!
You die...

##..........#.#.## #.#.#...
#.#...§....###.## ##.###..
##..§.§.....#.## ## #...
#.#§.....[##.## #.##.
###§.......#.# #. ..
#.§#.........# .
###....[...#.#
#.#.......##.##
##..........#@## ..
#.#........###d## #'# .
##..........#.#.# #.# .#
#.#..........#.#.##'##. .
##..........d.###..... ..
#.#...........d#.##.## #...
##..§.§§§§.....q.#...#.....
#.#.§§§§.........d§........
##.#.§.§.........d.§.§.....


You could see a purple draconian (catching breath).

Vanquished Creatures
  Saint Roka (Orc:2)
  Mlioglotl (Snake:1)
  A nagaraja (Snake:2)
  Louise (Snake:1)
  A deep elf elementalist (Elf:1)
  An orc warlord (Orc:1)
  A draconian stormcaller (WizLab)
  A deep elf annihilator (Elf:1)
  2 dire elephants
  A minotaur (Gauntlet)
  6 purple draconians (WizLab)
  A deep elf death mage (Elf:1)
  6 statues (WizLab)
  An ettin (Orc:2)
  The ghost of Quickbrownfox the Covert, a journeyman DsCj of Ashenzari (Lair:1)
  A deep elf high priest (Elf:1)
  A salamander tyrant (Snake:2)
  3 hydras
  2 centaur warriors
  3 anacondas
  3 catoblepae
  A two-headed ogre (shapeshifter) (Lair:1)
  6 boulder beetles
  9 death yaks
  4 two-headed ogres
  5 tengu warriors
  A hell hog (Lair:1)
  A deep troll shaman (Lair:5)
  9 naga warriors
  13 dancing weapons
  2 orc high priests
  6 shock serpents
  8 deep elf knights
  6 naga sharpshooters
  The ghost of fedoskokos the Skirmisher, a novice DgHu (D:7)
  A wretched star (Gauntlet)
  A hell knight (Volcano)
  3 skeletal warriors (D:11)
  2 skysharks
  3 salamander mystics
  3 deep elf archers
  A naga ritualist (Snake:1)
  A harpy (shapeshifter) (D:13)
  2 bog bodies (Lair:2)
  27 deep elf pyromancers
  A lindwurm (Lair:5)
  A necromancer (Gauntlet)
  5 orc knights
  19 deep elf zephyrmancers
  21 ugly things
  4 mana vipers
  A wolf spider (D:15)
  A cyclops (D:12)
  3 manticores
  6 orc sorcerers (Orc:2)
  10 salamanders
  13 elephants
  3 molten gargoyles
  20 black mambas
  2 guardian serpents
  5 naga magi (Snake:2)
  2 gargoyles (D:13)
  7 orange demons (D:13)
  6 cane toads
  A torpor snail (Lair:2)
  Maggie (D:7)
  6 rime drakes
  12 komodo dragons
  6 kobold demonologists
  17 tengu conjurers
  2 red devils (D:13)
  2 efreet (D:15)
  9 trolls
  A merfolk (D:15)
  2 hellwings (Lair:1)
  5 polar bears
  Grinder (D:4)
  36 blink frogs
  Prince Ribbit (Lair:1)
  3 dream sheep (Lair:2)
  2 hornets
  Sigmund (D:3)
  6 flying skulls (Gauntlet)
  16 slime creatures
  5 water elementals
  2 shadows (D:9)
  2 air elementals
  3 vampires
  2 spriggans
  3 wraiths
  4 wyverns
  24 yaks
  The ghost of Gumption the Poker, an amateur HOMo (D:4)
  2 fire bats (Volcano)
  5 basilisks
  3 neqoxecs (Gauntlet)
  2 steam dragons (D:9)
  14 vampire mosquitoes
  Menkaure (D:7)
  A fire elemental (Elf:2)
  Edmund (D:6)
  2 swamp worms (Lair:2)
  20 nagas
  5 wargs
  2 acid dragons
  17 water moccasins
  43 orc warriors
  A swamp drake (Orc:2)
  3 black bears
  3 sky beasts
  2 ice beasts
  18 centaurs
  7 ogres
  26 wolves
  2 phantoms
  Blork the orc (D:6)
  5 kobold brigands
  2 earth elementals (Elf:1)
  15 bullfrogs
  5 gnoll sergeants
  4 scorpions
  6 wights
  9 killer bees
  A howler monkey (D:5)
  18 electric eels
  A crimson imp (Orc:2)
  4 hounds
  7 lava snakes (Volcano)
  26 orc priests
  An iron imp (Orc:2)
  9 jellies
  A gnoll bouda (D:7)
  4 hell rats (D:8)
  2 iguanas (D:7)
  33 orc wizards
  2 sleepcaps (D:7)
  5 adders
  35 gnolls
  A river rat (D:8)
  4 shadow imps
  3 white imps
  2 worms
  3 dart slugs
  87 orcs
  6 endoplasms
  3 giant cockroaches
  2 goblins (D:4)
  5 hobgoblins
  2 jackals (D:2)
  4 quokkas
  2 ball pythons (D:1)
  3 bats
  3 frilled lizards
  18 kobolds
  3 rats
  A spectral weapon (Orc:1)
989 creatures vanquished.

Vanquished Creatures (others)
  2 deep elf knights
  A deep elf archer (Elf:2)
  A tengu conjurer (WizLab)
  5 humans
  2 orcs (Orc:2)
11 creatures vanquished.

Grand Total: 1000 creatures vanquished

Notes
Turn   | Place    | Note
-------+----------+-------------------------------------------
     0 | D:1      | Peloso the Minotaur Fighter began the quest for the Orb.
     0 | D:1      | Reached XP level 1. HP: 19/19 MP: 0/0
   119 | D:1      | Reached XP level 2. HP: 27/27 MP: 1/1
   236 | D:1      | Found a faded altar of an unknown god.
   424 | D:1      | Found Lezinel's General Store.
   572 | D:2      | Reached XP level 3. HP: 30/33 MP: 2/2
   731 | D:2      | Got the Papyrus of Sizzling Flesh
  1320 | D:3      | Reached XP level 4. HP: 31/40 MP: 3/3
  1685 | D:3      | Noticed Sigmund
  1692 | D:3      | Killed Sigmund
  1693 | D:3      | Reached skill level 5 in Long Blades
  1693 | D:3      | Reached skill level 5 in Armour
  1693 | D:3      | Reached XP level 5. HP: 47/47 MP: 4/4
  1693 | D:3      | Reached XP level 6. HP: 53/53 MP: 5/5
  2369 | D:4      | Reached skill level 1 in Dodging
  2389 | D:4      | Noticed Grinder
  2389 | D:4      | Paralysed by Grinder for 5 turns
  2406 | D:4      | Paralysed by Grinder for 3 turns
  2414 | D:4      | Killed Grinder
  2415 | D:4      | Reached skill level 5 in Fighting
  2415 | D:4      | Reached XP level 7. HP: 19/61 MP: 2/6
  2589 | D:4      | Found a large runed translucent door.
  2589 | D:4      | Found a large runed translucent door.
  2592 | D:4      | Noticed Gumption's ghost (amateur HOMo)
  3109 | D:5      | Entered Level 5 of the Dungeon
  3353 | D:5      | Reached XP level 8. HP: 70/70 MP: 7/7
  3408 | D:5      | Found a faded altar of an unknown god.
  3408 | D:5      | Found a hazy altar of Hepliaklqana.
  3410 | D:5      | Found a faded altar of an unknown god.
  3606 | D:5      | Found a staircase to the Ecumenical Temple.
  3662 | D:5      | Identified the +9 quarterstaff "Sifotadwa" {drain, Str+3}
  3926 | Temple   | Entered the Ecumenical Temple
  4049 | Temple   | Became a worshipper of Warmaster Okawaru
  4194 | D:6      | Noticed Blork the orc
  4202 | D:6      | Killed Blork the orc
  4210 | D:6      | Noticed Edmund
  4218 | D:6      | Reached skill level 5 in Shields
  4235 | D:6      | Killed Edmund
  5006 | D:6      | Reached * piety under Okawaru
  5101 | D:6      | Reached XP level 9. HP: 74/79 MP: 8/8
  5214 | D:6      | Reached skill level 10 in Long Blades
  5232 | D:6      | You fall into a shaft and drop 2 floors!
  5234 | D:8      | Identified the amulet of Zin's Anger {Faith +Blink Str+2}
  5323 | D:8      | Reached ** piety under Okawaru
  5498 | D:8      | Noticed a death yak
  5503 | D:8      | Noticed a death yak
  5505 | D:8      | Noticed a death yak
  5769 | D:8      | Noticed a two-headed ogre
  5787 | D:8      | Killed a two-headed ogre
  6156 | D:7      | Noticed Menkaure
  6175 | D:7      | Killed Menkaure
  7194 | D:7      | Noticed fedoskokos's ghost (novice DgHu)
  7200 | D:7      | Reached XP level 10. HP: 88/88 MP: 9/9
  7208 | D:7      | Found a transporter.
  7215 | D:7      | Found a transporter.
  7598 | D:7      | Reached *** piety under Okawaru
  7683 | D:7      | Noticed Maggie
  7701 | D:7      | Killed Maggie
  8175 | D:8      | Found a staircase to the Lair.
  8232 | D:8      | Killed a death yak
  8250 | D:8      | Killed a death yak
  8264 | D:8      | Killed a death yak
  8265 | D:8      | Reached skill level 1 in Invocations
  8503 | D:8      | Found a radiant altar of Vehumet.
  9185 | D:9      | Reached skill level 10 in Armour
  9234 | D:9      | Found a staircase to the Orcish Mines.
  9236 | D:9      | Found Ydaxkioc's Weapon Boutique.
  9441 | D:9      | Reached **** piety under Okawaru
  9561 | D:9      | Reached XP level 11. HP: 84/99 MP: 10/10
  9636 | D:9      | Found a runed translucent door.
  9706 | D:9      | Identified the ring "Esicridgh" {rElec rPois rCorr AC+4}
  9974 | D:9      | Found a burning altar of Makhleb.
 10229 | D:9      | Found a runed translucent door.
 10297 | D:10     | Entered Level 10 of the Dungeon
 10326 | D:10     | Found a sacrificial altar of Ru.
 10363 | D:10     | Found Ziatot's Changing Room.
 10468 | D:10     | Reached skill level 10 in Fighting
 10852 | D:10     | Reached skill level 1 in Evocations
 11037 | D:10     | Reached ***** piety under Okawaru
 12091 | D:11     | Noticed a tengu warrior
 12105 | D:11     | Killed a tengu warrior
 12126 | D:11     | Noticed a tengu warrior
 12146 | D:11     | Killed a tengu warrior
 12323 | D:11     | Noticed a centaur warrior
 12333 | D:11     | Killed a centaur warrior
 12427 | D:11     | Noticed a boulder beetle
 12456 | D:11     | Killed a boulder beetle
 12792 | Lair:1   | Entered Level 1 of the Lair of Beasts
 12809 | Lair:1   | Found a transporter.
 12812 | Lair:1   | Found a transporter.
 12826 | Lair:1   | Found a one-way gate to the infinite horrors of the Abyss.
 12826 | Lair:1   | Noticed Quickbrownfox's ghost (journeyman DsCj)
 12909 | Lair:1   | Received a gift from Okawaru
 12910 | Lair:1   | Reached XP level 12. HP: 84/110 MP: 12/12
 13013 | Lair:1   | Reached skill level 10 in Shields
 13172 | Lair:1   | Noticed Prince Ribbit
 13184 | Lair:1   | Killed Prince Ribbit
 13660 | Lair:1   | Received a gift from Okawaru
 13660 | Lair:1   | Found the +0 pair of fencer's gloves {Riposte Dex+3}
 13861 | Lair:1   | Noticed a hell hog
 14378 | Lair:2   | Reached skill level 15 in Long Blades
 14753 | Lair:2   | Found a staircase to the Snake Pit.
 15078 | Lair:2   | Found a staircase to the Swamp.
 15389 | Lair:3   | Reached skill level 1 in Stealth
 15476 | Lair:3   | Identified the +7 trident of Imbalance {chaos, +Blink rF-
                  | rCorr SInv}
 15581 | Lair:3   | Noticed a five-headed hydra
 15587 | Lair:3   | Killed a five-headed hydra
 15588 | Lair:3   | Reached XP level 13. HP: 94/119 MP: 10/13
 15820 | Lair:3   | Received a gift from Okawaru
 16379 | Lair:4   | Reached ****** piety under Okawaru
 16426 | Lair:4   | Found a dark tunnel.
 16436 | Volcano  | Entered a volcano
 16737 | Volcano  | Found a bloodstained altar of Trog.
 16759 | Volcano  | Reached skill level 1 in Maces & Flails
 17281 | Volcano  | Identified a scroll of acquirement
 17360 | Lair:4   | Identified the +0 ring mail of Xikhleon {Harm *Slow rPois
                  | rN+} (Okawaru gifted it to you on level 4 of the Lair of
                  | Beasts)
 17360 | Lair:4   | Received a gift from Okawaru
 17658 | D:1      | Bought a +0 long sword of flaming for 83 gold pieces
 19009 | Orc:1    | Entered Level 1 of the Orcish Mines
 19430 | Orc:2    | Entered Level 2 of the Orcish Mines
 19867 | Orc:2    | Found a staircase to the Elven Halls.
 19990 | Orc:2    | Noticed an ettin
 20008 | Orc:2    | Killed an ettin
 20179 | Orc:2    | Reached XP level 14. HP: 123/130 MP: 15/15
 20500 | Orc:2    | Noticed Saint Roka
 20550 | Orc:2    | Killed Saint Roka
 20551 | Orc:2    | Reached skill level 15 in Shields
 20553 | Orc:2    | Paralysed by an orc sorcerer for 3 turns
 20739 | Orc:2    | Paralysed by an orc sorcerer for 4 turns
 20778 | Orc:2    | Found Risibuaro's Antique Armour Boutique.
 20782 | Orc:2    | Found Binkiuc's Antique Weapon Shop.
 20905 | Orc:2    | Found Zuagouge's Armour Emporium.
 21314 | Orc:2    | Found Dinosel's Assorted Antiques.
 21365 | Orc:2    | Bought a scroll labelled SEMNEX REAH for 26 gold pieces
 21476 | Orc:2    | Received a gift from Okawaru
 21727 | Orc:1    | Found an ornate altar of the Wu Jian Council.
 21727 | Orc:1    | Found a transporter.
 21795 | Orc:1    | Found a transporter.
 21806 | Orc:1    | Found a transporter.
 21946 | Orc:1    | Found a transporter.
 21947 | Orc:1    | Found an ornate altar of the Wu Jian Council.
 21947 | Orc:1    | Noticed an orc warlord
 22420 | Orc:1    | Killed an orc warlord
 22737 | D:4      | Killed Gumption's ghost
 22903 | D:7      | Killed fedoskokos's ghost
 23154 | D:13     | Identified the +1 hat of Melancholy {Will++ Str+3} (Okawaru
                  | gifted it to you on level 13 of the Dungeon)
 23154 | D:13     | Received a gift from Okawaru
 24239 | D:14     | Found a gate leading to a gauntlet.
 24278 | Gauntlet | Entered a Gauntlet
 24278 | Gauntlet | Found a transporter.
 24278 | Gauntlet | Found a transporter.
 24278 | Gauntlet | Found a transporter.
 24288 | Gauntlet | Found a transporter.
 24292 | Gauntlet | Found a transporter.
 24305 | Gauntlet | Found a transporter.
 24308 | Gauntlet | Found a transporter.
 24321 | Gauntlet | Found a transporter.
 24338 | Gauntlet | Found the +3 pair of mountain boots {steadfast, rC+}
 24339 | Gauntlet | Found a transporter.
 24346 | Gauntlet | Found a transporter.
 24347 | Gauntlet | Found a transporter.
 24363 | Gauntlet | Found a transporter.
 24474 | Gauntlet | Reached XP level 15. HP: 139/139 MP: 14/16
 24496 | Gauntlet | Identified the +0 pair of boots "Zazacw" {Will+ Int+2}
 24578 | Gauntlet | Gained mutation: Your spells are a little easier to cast,
                  | but a little less powerful. [a neqoxec]
 24597 | Gauntlet | Reached skill level 15 in Fighting
 24605 | Gauntlet | Identified the ring "Zeicoy" {rF- MP+9 AC+4 Str+4}
 25454 | Lair:4   | Identified the +1 double sword of the Gloaming {protect,
                  | rElec Will+ rCorr} (Okawaru gifted it to you on level 4 of
                  | the Lair of Beasts)
 25454 | Lair:4   | Received a gift from Okawaru
 25663 | Lair:5   | Entered Level 5 of the Lair of Beasts
 25667 | Lair:5   | Reached skill level 15 in Armour
 26247 | Lair:5   | Received a gift from Okawaru
 26557 | Lair:5   | Found a staircase to the Slime Pits.
 26963 | Lair:5   | Received a gift from Okawaru
 27330 | D:14     | Received a gift from Okawaru
 28336 | D:15     | Entered Level 15 of the Dungeon
 28433 | D:15     | Found a broken altar of Ashenzari.
 28833 | D:15     | Reached XP level 16. HP: 152/152 MP: 17/17
 28905 | D:15     | Found a staircase to the Depths.
 29579 | Lair:1   | Killed Quickbrownfox's ghost
 29609 | Lair:1   | Acquired 721 gold pieces
 29957 | Orc:2    | Bought masterwork fire dragon scales for 2080 gold pieces
 29957 | Orc:2    | Identified the +0 fire dragon scales "Jaqy" {rElec rF++ rC-
                  | Str+5 Int+3} (You bought it in a shop on level 2 of the
                  | Orcish Mines)
 30518 | Snake:1  | Entered Level 1 of the Snake Pit
 30593 | Snake:1  | Identified the +2 pair of boots of Divine Intervention {rN+
                  | Str-5 SInv} (Okawaru gifted it to you on level 1 of the
                  | Snake Pit)
 30593 | Snake:1  | Received a gift from Okawaru
 30822 | Snake:1  | Noticed Louise
 30849 | Snake:1  | Killed Louise
 31241 | Snake:1  | Noticed Mlioglotl
 31253 | Snake:1  | Killed Mlioglotl
 32116 | Snake:2  | Identified the +1 ring mail "Hiali" {*Slow Will++ rCorr
                  | Str+3} (Okawaru gifted it to you on level 2 of the Snake
                  | Pit)
 32116 | Snake:2  | Received a gift from Okawaru
 33328 | Snake:2  | Found a sparkling altar of Nemelex Xobeh.
 33880 | Elf:1    | Entered Level 1 of the Elven Halls
 34351 | Elf:1    | Reached XP level 17. HP: 122/163 MP: 18/18
 34580 | Elf:1    | Received a gift from Okawaru
 35037 | Elf:1    | Found Mipar's General Store.
 35298 | Elf:1    | Received a gift from Okawaru
 35509 | Elf:1    | Paralysed by an air elemental for 1 turns
 36178 | Elf:2    | Received a gift from Okawaru
 36388 | Elf:2    | Paralysed by an air elemental for 1 turns
 36657 | Elf:2    | Found a runed translucent gate.
 36666 | Elf:2    | Found a runed translucent gate.
 37064 | Elf:2    | Found a runed translucent gate.
 37214 | Elf:3    | Entered Level 3 of the Elven Halls
 37255 | Elf:3    | Found a magical portal.
 37264 | WizLab   | Entered Iskenderun's Mystic Tower
 37948 | WizLab   | Received a gift from Okawaru
 39319 | WizLab   | Killed from afar by a purple draconian

Illustrated notes

Levels and vault maps discovered:
D:1:      saegor_arrival_simple_b, layout_rooms,
          hellmonk_ecumenical_altar_slurped_away, serial_shops,
          nicolae_shop_crystal
D:2:      layout_loops_ring, minmay_statues_item, dreamdust_princess_bridge
D:3:      layout_loops_ring, minmay_crystal_room, kennysheep_generic_room_9,
          uniq_sigmund
D:4:      layout_cave_pods, ebering_ghost_disaster_area, minmay_misc_feat_doors,
          uniq_grinder
D:5:      layout_cave_pools, nicolae_hepliaklqana_ecumenical_no_more,
          minmay_temple_entry_poolview, st_stairs_2
D:6:      layout_basic, uniq_blork_the_orc, uniq_edmund
D:7:      layout_loops_cross, gammafunk_ghost_arena, uniq_maggie, uniq_menkaure
D:8:      layout_cave_pods, kennysheep_little_box, dpeg_lair_monsters
D:9:      cheibrodos_histonic, layout_irregular_city, kennysheep_mini_moat,
          orc_david_3
D:10:     layout_loops_ring, nicolae_ru_awakened_eye,
          minmay_misc_feat_more_columns, serial_bayou_ford_a,
          nicolae_transmutations_shop, kennysheep_generic_room_6
D:11:     layout_roguey
D:12:     layout_roguey, minmay_holes
D:13:     layout_basic, ximxim_vaults_locker_room, minmay_beelzebubs_servants
D:14:     layout_stronghold, gauntlet_entry_generic
D:15:     hangedman_depths_entry_try_elsewhere_first, layout_basic,
          ashenzari_conservatory_becter
Temple:   dpeg_five_rooms_temple
Lair:1:   layout_regular_city, gammafunk_ghost_abyssal_escape,
          serial_bayou_lake_a, uniq_prince_ribbit2
Lair:2:   layout_big_grid, nicolae_swamp_entry_splash_gauntlet,
          nicolae_snake_entry_squirm, grunt_megastairs_1, serial_bayou_shore_a,
          lemuel_fruit_fields
Lair:3:   layout_cave_pods
Lair:4:   layout_cave_shapes, nicolae_volcano_entry_two_sided,
          nicolae_quartered_pool_medium, beast_lair_carwin_11,
          grunt_megastairs_2
Lair:5:   grunt_lair_end_beastmaster, layout_gridlike,
          nicolae_slime_entry_field_trip, grunt_forest_large_clearing_hut,
          infiniplex_staircase_pool
Snake:1:  layout_rooms, special_room, st_stairs_4, grunt_megastairs_4,
          uniq_mlioglotl, uniq_louise
Snake:2:  layout_chambers, basic_altar
Orc:1:    dreamdust_wu_jian_sword_trials, layout_caves
Orc:2:    grunt_orc_community_town_hall, layout_caves,
          grunt_orc_community_big_house_1, grunt_orc_community_big_house_2,
          grunt_orc_community_house_3, grunt_orc_community_house_2,
          grunt_orc_community_house_3, grunt_orc_community_house_1,
          grunt_orc_community_house_2, grunt_orc_community_house_3,
          hangedman_minor_magic
Elf:1:    eino_elf_arrival_customs, layout_loops_corners, serial_shops, shop,
          hangedman_corner_corridor, hangedman_elf_represent
Elf:2:    elven_hall_of_blades_hangedman_original
          [nicolae_blade_entry_diamond_columns], layout_gridlike, uniq_azrael
Elf:3:    elf_hall, layout_loops_cross, mu_enter_wizlab_3, dk_noncrumbling_3
WizLab:   wizlab_iskenderun

Skill      XL: |  1  2  3  4  5  6  7  8  9 10 11 12 13 14 15 16 17 |
---------------+----------------------------------------------------+-----
Armour         | 4 5 6 7 9 10 11 13 14 15 16 17 | 17.5
Fighting       | 4 5 7 8 9 11 12 13 14 16 17 18 | 18.9
Shields        | 4 5 6 7 9 12 14 16 18 19 20 | 20.5
Long Blades    | 3 5 6 8 9 11 13 14 15 16 17 18 19 20 | 20.4
Dodging        | 1 2 3 4 |  4.5
Invocations    | 1 2 3 |  3.3
Evocations     | 1 2 |  2.1
Stealth        | 1 2 |  2.2
Maces & Flails | 1 |  1.2

Action                     |  1- 3 |  4- 6 |  7- 9 | 10-12 | 13-15 | 16-18 || total
---------------------------+-------+-------+-------+-------+-------+-------++-------
  Melee: Long sword        |    79 |    61 |   337 |   846 |  1058 |       ||  2381
         Headbutt          |    16 |    12 |    72 |   217 |   548 |   346 ||  1211
         Morningstar       |       |       |       |     3 |       |       ||     3
         Falchion          |       |       |       |       |    87 |       ||    87
         Double sword      |       |       |       |       |   386 |   953 ||  1339
 Invoke: Heroism           |       |       |     2 |    15 |    27 |     8 ||    52
  Evoke: Wand              |       |       |     2 |    12 |     7 |       ||    21
    Use: Potion            |     3 |     1 |     1 |     2 |    13 |     3 ||    23
         Scroll            |       |       |     3 |     9 |    16 |     4 ||    32
   Stab: Confused          |       |       |       |       |     1 |       ||     1
         Petrified         |       |       |       |       |     2 |       ||     2
         Petrifying        |       |       |       |       |     1 |       ||     1
         Distracted        |       |       |       |       |       |     1 ||     1
 Armour: Scale mail        |    39 |     8 |       |       |       |       ||    47
         Plate armour      |       |    27 |   192 |   347 |   647 |   389 ||  1602
  Dodge: Dodged            |    45 |    33 |   159 |   330 |   362 |   229 ||  1158
  Block: Buckler           |    21 |    11 |    87 |   146 |       |       ||   265
         Kite shield       |       |       |       |   220 |  1229 |   714 ||  2163
Riposte: Long sword        |       |       |       |    36 |   316 |       ||   352
         Morningstar       |       |       |       |     3 |       |       ||     3
         Falchion          |       |       |       |       |    22 |       ||    22
         Double sword      |       |       |       |       |   128 |   213 ||   341
